[Event "LAT-chW 2020"]
[Site "Riga"]
[Date "2020.08.28"]
[Round "6.3"]
[White "Maklakova, Nellija"]
[Black "Krumina, Linda"]
[Result "1-0"]
[ECO "A37"]
[WhiteElo "1833"]
[BlackElo "2065"]
[Annotator "ChessBase"]
[PlyCount "127"]
[EventDate "2020.08.24"]
[EventType "swiss"]
[EventCountry "LAT"]
[SourceTitle "playchess.com"]
[Source "ChessBase"]
[SourceQuality "1"]
[TimeControl "5400+30"]

1. c4 c5 2. Nc3 Nc6 3. g3 g6 4. Bg2 Bg7 5. Nf3 e5 6. d3 Nge7 7. O-O d6 8. Bg5 h6 9. Bd2 O-O 10. Qc1 Kh7 11. a3 Bg4 12. h3 Bxf3 13. Bxf3 Nd4 14. Bxb7 Rb8 15. Bg2 Nb3 16. Qc2 Nxa1 17. Rxa1 Qd7 18. b4 Nc6 19. b5 Nd4 20. Qd1 f5 21. e3 Ne6 22. Rb1 f4 23. Bc6 Qf7 24. Ne4 fxg3 25. fxg3 Qe7 26. Qg4 Rf5 27. h4 Rbf8 28. Qe2 Kh8 29. a4 h5 30. a5 Rb8 31. a6 Nc7 32. Rf1 Rxf1+ 33. Qxf1 Rf8 34. Qe2 Bh6 35. Ba5 Kg7 36. Kg2 Rb8 37. Bc3 Ne6 38. Bd5 Nc7 39. Bb7 d5 40. Nf2 Kh7 41. Ba5 dxc4 42. dxc4 Ne8 43. Bc6 Nd6 44. e4 Nc8 45. Nd1 Qd6 46. Qf3 Ne7 47. Qf7+ Bg7 48. Bd5 Nxd5 49. exd5 Rf8 50. Bc7 Qf6 51. Qxf6 Bxf6 52. Nc3 Kg7 53. Ne4 Rc8 54. Nxc5 Kf7 55. Ne6 Be7 56. Kf3 Ke8 57. d6 Bxd6 58. Bxd6 Kd7 59. c5 Kxe6 60. Ke4 Rd8 61. Bxe5 Rd1 62. Bd4 Kd7 63. c6+ Kc7 64. Bxa7 1-0

[Event "LAT-chW 2020"]
[Site "Riga"]
[Date "2020.08.28"]
[Round "6.4"]
[White "Kuznecova, Marija"]
[Black "Golsta, Ramona"]
[Result "1-0"]
[ECO "B34"]
[WhiteElo "1523"]
[BlackElo "1708"]
[Annotator "NA"]
[PlyCount "43"]
[EventDate "2020.08.24"]
[EventType "swiss"]
[EventCountry "LAT"]
[SourceTitle "playchess.com"]
[Source "ChessBase"]
[SourceQuality "1"]
[TimeControl "5400+30"]

1. e4 c5 2. Nf3 Nc6 3. d4 cxd4 4. Nxd4 g6 5. Nxc6 dxc6 6. Qxd8+ Kxd8 7. Bc4 Ke8 8. O-O b5 9. Bd3 Bg7 10. a4 b4 11. c3 c5 12. Be3 bxc3 13. bxc3 c4 14. Bxc4 Nf6 15. f3 Bb7 16. Rd1 Kf8 17. Kf2 Rc8 18. Bb3 a6 19. Bd4 Rg8 20. Rd3 Bh6 21. Bxf6 exf6 22. Rd7 1-0

[Event "LAT-chW 2020"]
[Site "Riga"]
[Date "2020.08.29"]
[Round "7.1"]
[White "Maklakova, Nellija"]
[Black "Rogule, Laura"]
[Result "0-1"]
[ECO "A26"]
[WhiteElo "1833"]
[BlackElo "2297"]
[Annotator "ChessBase"]
[PlyCount "120"]
[EventDate "2020.08.24"]
[EventType "swiss"]
[EventCountry "LAT"]
[SourceTitle "playchess.com"]
[Source "ChessBase"]
[SourceQuality "1"]
[TimeControl "5400+30"]

1. c4 e5 2. Nc3 Nc6 3. g3 g6 4. Bg2 Bg7 5. d3 d6 6. Nf3 Nge7 7. Bd2 h6 8. Rb1 Be6 9. b4 Qd7 10. h4 f5 11. b5 Nd8 12. e4 O-O 13. Qc1 f4 14. Nd5 Kh7 15. a4 c6 16. bxc6 bxc6 17. Nxe7 Qxe7 18. a5 Rf7 19. a6 Bc8 20. Qa3 Ne6 21. c5 dxc5 22. O-O Nc7 23. Rb7 Bxb7 24. axb7 Raf8 25. Qxa7 Nb5 26. Qb6 Qxb7 27. Qxc5 fxg3 28. fxg3 Qa7 29. Bb4 Rd8 30. Qxa7 Rxa7 31. Ne1 Kg8 32. Bh3 Bf8 33. Be6+ Kg7 34. Bd2 Bc5+ 35. Kh1 Rf8 36. Rxf8 Bxf8 37. Nf3 Bd6 38. Kg2 Ra1 39. Kf2 Rb1 40. g4 Bc5+ 41. Ke2 Nd4+ 42. Nxd4 Bxd4 43. Be1 Rb2+ 44. Kf3 Rh2 45. Bg3 Rd2 46. Bc4 Kf6 47. Be1 Rh2 48. Bg3 Rh1 49. Kg2 Rb1 50. Bg8 Bc3 51. Bc4 Bd2 52. Kf3 g5 53. d4 exd4 54. e5+ Ke7 55. h5 Be1 56. Bh2 Rc1 57. Bd3 c5 58. Bf5 c4 59. Ke4 d3 60. Bg1 Bb4 0-1

[Event "LAT-chW 2020"]
[Site "Riga"]
[Date "2020.08.29"]
[Round "7.2"]
[White "Golsta, Madara"]
[Black "Kuznecova, Marija"]
[Result "0-1"]
[ECO "B23"]
[WhiteElo "1889"]
[BlackElo "1523"]
[Annotator "NA"]
[PlyCount "86"]
[EventDate "2020.08.24"]
[EventType "swiss"]
[EventCountry "LAT"]
[SourceTitle "playchess.com"]
[Source "ChessBase"]
[SourceQuality "1"]
[TimeControl "5400+30"]

1. e4 c5 2. Nc3 d6 3. d4 cxd4 4. Qxd4 Nc6 5. Qd2 Nf6 6. b3 g6 7. Bb2 Bg7 8. O-O-O O-O 9. f3 a5 10. a4 Be6 11. g4 Rc8 12. Kb1 Nb4 13. Nge2 Nd7 14. Nd4 Qb6 15. Ncb5 Ne5 16. Be2 Nxc2 17. Nxc2 Bxb3 18. Rc1 Nxf3 19. Bxf3 Bxb2 20. Kxb2 Bxa4 21. Nca3 Bxb5 22. Ka1 Ba6 23. h4 Qb3 24. Qa2 Qxf3 25. Rce1 Qc3+ 26. Qb2 b5 27. h5 b4 28. Nb1 Qxb2+ 29. Kxb2 Bd3 30. Rh3 Bxb1 31. Rxb1 Rc4 32. g5 Rxe4 33. Rbh1 Kg7 34. hxg6 Kxg6 35. Rxh7 Kxg5 36. R1h5+ Kf4 37. Rxa5 f5 38. Ra1 Ke3 39. Re1+ Kd2 40. Rc1 f4 41. Rhh1 Re2 42. Rh3 f3 43. Kb1 Re1 0-1

[Event "LAT-chW 2020"]
[Site "Riga"]
[Date "2020.08.29"]
[Round "7.3"]
[White "Krumina, Linda"]
[Black "Kazmerika, Anna"]
[Result "1-0"]
[ECO "D55"]
[WhiteElo "2065"]
[BlackElo "1615"]
[Annotator "ChessBase"]
[PlyCount "67"]
[EventDate "2020.08.24"]
[EventType "swiss"]
[EventCountry "LAT"]
[SourceTitle "playchess.com"]
[Source "ChessBase"]
[SourceQuality "1"]
[TimeControl "5400+30"]

1. Nf3 d5 2. d4 Nf6 3. c4 e6 4. Nc3 b6 5. cxd5 exd5 6. Bg5 Be7 7. e3 O-O 8. Bd3 Be6 9. O-O c5 10. Rc1 c4 11. Bb1 Nc6 12. Ne5 Rc8 13. f4 a6 14. f5 Bd7 15. Qf3 Be8 16. Bxf6 Bxf6 17. Ng4 Ne7 18. Nxf6+ gxf6 19. Qh5 Kh8 20. Qh6 Rg8 21. Qxf6+ Rg7 22. Qh4 f6 23. Qxf6 Rc6 24. Qe5 Ng8 25. Nxd5 Nf6 26. Nxf6 Rxf6 27. Be4 b5 28. Bd5 Bf7 29. Be6 Bxe6 30. fxe6 Rfg6 31. g3 Kg8 32. d5 Rg5 33. Rf5 R5g6 34. Rcf1 1-0

[Event "LAT-chW 2020"]
[Site "Riga"]
[Date "2020.08.29"]
[Round "7.4"]
[White "Ter-Avetisjana, Agnesa Stepania"]
[Black "Osobskaja, Zinaida"]
[Result "1-0"]
[ECO "C05"]
[WhiteElo "1683"]
[BlackElo "1682"]
[Annotator "NA"]
[PlyCount "73"]
[EventDate "2020.08.24"]
[EventType "swiss"]
[EventCountry "LAT"]
[SourceTitle "playchess.com"]
[Source "ChessBase"]
[SourceQuality "1"]
[TimeControl "5400+30"]

1. e4 e6 2. d4 d5 3. Nd2 c5 4. c3 Nc6 5. Ngf3 Nf6 6. e5 Nd7 7. Bb5 a6 8. Bxc6 bxc6 9. O-O Be7 10. b3 O-O 11. Bb2 a5 12. Rc1 f5 13. exf6 Nxf6 14. Re1 Bd6 15. Ne5 Qb6 16. Ba3 a4 17. Rb1 Bb7 18. Nd3 Qc7 19. Bxc5 Bxh2+ 20. Kh1 Rfe8 21. Nf3 Bd6 22. Bxd6 Qxd6 23. Nc5 Bc8 24. Ne5 axb3 25. Qxb3 Nd7 26. Ncxd7 Bxd7 27. Qb7 Rad8 28. Rb6 Re7 29. Nxd7 Rdxd7 30. Qxc6 Qf4 31. Qc8+ Kf7 32. Rbxe6 Qxf2 33. Qa6 Qh4+ 34. Kg1 g6 35. Qe2 h5 36. Qe5 Kf8 37. Qh8+ 1-0

[Event "LAT-chW 2020"]
[Site "Riga"]
[Date "2020.08.29"]
[Round "8.1"]
[White "Rogule, Laura"]
[Black "Kuznecova, Marija"]
[Result "1-0"]
[ECO "D30"]
[WhiteElo "2297"]
[BlackElo "1523"]
[Annotator "ChessBase"]
[PlyCount "63"]
[EventDate "2020.08.24"]
[EventType "swiss"]
[EventCountry "LAT"]
[SourceTitle "playchess.com"]
[Source "ChessBase"]
[SourceQuality "1"]
[TimeControl "5400+30"]

1. d4 d5 2. Nf3 Nf6 3. c4 e6 4. g3 Be7 5. Bg2 c5 6. O-O O-O 7. cxd5 exd5 8. dxc5 Bxc5 9. Nbd2 Nc6 10. Nb3 Bd6 11. Nbd4 Be6 12. b3 Qe7 13. Bb2 Ne4 14. Rc1 Rac8 15. Qd3 Nb4 16. Qb1 Bc5 17. a3 Nc6 18. Nxc6 bxc6 19. b4 Bb6 20. Qd3 f6 21. Nd4 Bd7 22. Nxc6 Bxc6 23. Rxc6 Rxc6 24. Qxd5+ Re6 25. Bxe4 Kh8 26. Bd3 Rd8 27. Qf5 g6 28. Qf3 Kg7 29. h4 Rxe2 30. Bxe2 Rd2 31. Bc3 Rxe2 32. Bxf6+ 1-0

[Event "LAT-chW 2020"]
[Site "Riga"]
[Date "2020.08.29"]
[Round "8.2"]
[White "Gorozhankina, Julia"]
[Black "Golsta, Madara"]
[Result "1/2-1/2"]
[ECO "B31"]
[WhiteElo "2035"]
[BlackElo "1889"]
[Annotator "ChessBase"]
[PlyCount "90"]
[EventDate "2020.08.24"]
[EventType "swiss"]
[EventCountry "LAT"]
[SourceTitle "playchess.com"]
[Source "ChessBase"]
[SourceQuality "1"]
[TimeControl "5400+30"]

1. e4 c5 2. Nf3 Nc6 3. Bb5 g6 4. O-O Bg7 5. c3 Nf6 6. Re1 Qc7 7. h3 O-O 8. a4 a6 9. Bf1 b6 10. Na3 Bb7 11. d3 Rac8 12. Bg5 Rfd8 13. Rb1 e5 14. c4 d6 15. Qd2 Rf8 16. Nh2 Ne8 17. Bh6 f5 18. Bxg7 Qxg7 19. Nc2 a5 20. Be2 Nf6 21. Bf3 f4 22. g4 g5 23. Bg2 h5 24. f3 hxg4 25. hxg4 Qh6 26. Nf1 Rc7 27. Kf2 Bc8 28. Re2 Qh4+ 29. Kg1 Rh7 30. Qe1 Qh6 31. Nd2 Kg7 32. Rf2 Rfh8 33. Kf1 Kf8 34. Ke2 Ke8 35. Qg1 Qg6 36. Rbf1 Nd7 37. Kd1 Ndb8 38. Kc1 Na6 39. Nb1 Nab4 40. Nxb4 Nxb4 41. Rd2 Rh2 42. Nc3 Bd7 43. b3 Kd8 44. Na2 Nxa2+ 45. Rxa2 Kc7 1/2-1/2

[Event "LAT-chW 2020"]
[Site "Riga"]
[Date "2020.08.29"]
[Round "8.3"]
[White "Petrovska, Arina"]
[Black "Krumina, Linda"]
[Result "0-1"]
[ECO "D53"]
[WhiteElo "1637"]
[BlackElo "2065"]
[Annotator "ChessBase"]
[PlyCount "134"]
[EventDate "2020.08.24"]
[EventType "swiss"]
[EventCountry "LAT"]
[SourceTitle "playchess.com"]
[Source "ChessBase"]
[SourceQuality "1"]
[TimeControl "5400+30"]

1. d4 d5 2. c4 e6 3. Nc3 Nf6 4. Bg5 Be7 5. e3 c6 6. Nf3 Nbd7 7. Bd3 dxc4 8. Bxc4 b5 9. Bd3 a6 10. O-O Bb7 11. Bxf6 Nxf6 12. Ne4 Nxe4 13. Bxe4 f5 14. Bc2 O-O 15. Ne5 c5 16. dxc5 Bd5 17. b4 Bf6 18. f4 Bxe5 19. fxe5 Qg5 20. Qe2 Rad8 21. Bb3 f4 22. Bxd5 Rxd5 23. exf4 Rxf4 24. Rxf4 Qxf4 25. Rf1 Qxb4 26. Qf3 Qxc5+ 27. Kh1 Qe7 28. Rc1 Qd8 29. Rf1 Qe8 30. Qc3 h6 31. h3 Kh7 32. Qc2+ Qg6 33. Qc3 Qd3 34. Rf3 Qxc3 35. Rxc3 Rxe5 36. Ra3 Kg6 37. Rxa6 Re4 38. a3 Kf6 39. Rb6 Ra4 40. Rxb5 Rxa3 41. Rb8 h5 42. Kg1 Ra2 43. Rf8+ Kg6 44. Kf1 e5 45. Kg1 h4 46. Kf1 Kg5 47. Rf7 g6 48. Rf8 e4 49. Rf7 e3 50. Rf8 Ra1+ 51. Ke2 Rg1 52. Kxe3 Rxg2 53. Rf3 Rb2 54. Ke4 Rb4+ 55. Ke5 Rb1 56. Rf2 Rb3 57. Rg2+ Rg3 58. Rh2 Re3+ 59. Kd4 Kf4 60. Rf2+ Rf3 61. Rh2 Kg3 62. Ra2 Kxh3 63. Ke4 Rg3 64. Kf4 g5+ 65. Kf5 g4 66. Kg5 Rc3 67. Rd2 g3 0-1

[Event "LAT-chW 2020"]
[Site "Riga"]
[Date "2020.08.29"]
[Round "8.4"]
[White "Ter-Avetisjana, Agnesa Stepania"]
[Black "Golsta, Ramona"]
[Result "0-1"]
[ECO "B22"]
[WhiteElo "1683"]
[BlackElo "1708"]
[Annotator "NA"]
[PlyCount "66"]
[EventDate "2020.08.24"]
[EventType "swiss"]
[EventCountry "LAT"]
[SourceTitle "playchess.com"]
[Source "ChessBase"]
[SourceQuality "1"]
[TimeControl "5400+30"]

1. e4 c5 2. Nf3 g6 3. c3 Bg7 4. d4 cxd4 5. cxd4 d6 6. h3 Nf6 7. Nc3 O-O 8. Bc4 a6 9. a4 Bd7 10. O-O Nc6 11. Re1 Rc8 12. e5 Ne8 13. Bxf7+ Rxf7 14. Ng5 dxe5 15. Nxf7 Kxf7 16. dxe5 Be6 17. Bf4 Nc7 18. Ne4 Kg8 19. Nc5 Qf8 20. Nxe6 Nxe6 21. Bg3 Qf5 22. Rc1 Rf8 23. f3 Nf4 24. Qb3+ Kh8 25. Qxb7 Nxe5 26. Bxf4 Qxf4 27. Qe4 Qg3 28. Rf1 Bh6 29. Rc3 Bf4 30. Re1 Qh2+ 31. Kf1 Bg3 32. Ree3 Qh1+ 33. Ke2 Qe1# 0-1

[Event "LAT-chW 2020"]
[Site "Riga"]
[Date "2020.08.30"]
[Round "9.2"]
[White "Krumina, Linda"]
[Black "Osobskaja, Zinaida"]
[Result "1/2-1/2"]
[ECO "D05"]
[WhiteElo "2065"]
[BlackElo "1682"]
[Annotator "NA"]
[PlyCount "123"]
[EventDate "2020.08.24"]
[EventType "swiss"]
[EventCountry "LAT"]
[SourceTitle "playchess.com"]
[Source "ChessBase"]
[SourceQuality "1"]
[TimeControl "5400+30"]

1. Nf3 d5 2. d4 e6 3. e3 Nf6 4. Bd3 c5 5. b3 Nc6 6. O-O cxd4 7. exd4 Be7 {[%emt 0:01:59] 7...g6 is a critical line.} 8. a3 {[%emt 0:03:02] D05: Colle System with ...e6.} Qc7 9. Re1 {[%emt 0:03:34] [#]} b6 $146 ({Predecessor:} 9... Bd7 10. c4 h6 11. Nc3 a6 12. Bb2 O-O 13. Rc1 dxc4 14. bxc4 Qb6 15. Rb1 Qa5 {0-1 (51) Vaitonis,V (1863)-Luksas,J (1617) Vilnius 2018}) 10. Nbd2 O-O 11. Nf1 Nd7 12. Ng3 Re8 13. Ng5 Bxg5 ({Better is} 13... Nf6 $11) 14. Bxg5 Bb7 15. Qh5 Nf8 $1 16. Rad1 (16. Be3 $14) 16... f6 (16... Nxd4 $15 17. Be3 Nc6) 17. Bc1 ({Better is} 17. Be3 $11) 17... Qf7 (17... Nxd4 $15 18. Bb2 Nc6) 18. Qxf7+ Kxf7 19. Be2 a6 20. h4 Rac8 21. h5 Ne7 22. Bd3 Nc6 23. Bb2 g6 24. f4 Nd7 25. Be2 f5 26. Bf3 Nf6 27. Rd2 b5 28. Kf2 Ne7 29. c3 (29. hxg6+ $15 hxg6 30. Rh1) 29... a5 30. Be2 Bc6 31. Rc2 Bd7 32. Rh1 Rh8 33. Rhc1 (33. hxg6+ $11 {keeps the balance.} hxg6 34. Rcc1) 33... Rhd8 ({Black should play} 33... a4 $17 34. b4 gxh5 35. Bxh5+ Nxh5 36. Nxh5 Rcg8) 34. Bf3 Rc7 35. c4 bxc4 36. bxc4 dxc4 37. Rxc4 Rxc4 38. Rxc4 Rc8 39. Rxc8 Nxc8 40. Nf1 Nb6 (40... Nxh5 $15 41. Bxh5 gxh5) 41. Nd2 ({White should try} 41. hxg6+ $11 Kxg6 42. Ne3) 41... gxh5 42. g3 Ng4+ 43. Kg2 Bb5 44. Nb3 a4 $11 45. Nc5 Nd5 46. Kh3 Kf6 47. Bxd5 exd5 48. Kh4 Be8 49. Nd3 Ne3 50. Kh3 Ke6 51. Kh4 h6 52. Kh3 Kd6 53. Kh2 Kc6 54. Kg1 Kb5 55. Kf2 Ng4+ 56. Ke2 Kc4 57. Nc5 Nf6 58. Kf3 Ne4 59. Nxe4 fxe4+ 60. Ke3 Bd7 61. Bc1 Kb3 62. Kd2 1/2-1/2

[Event "LAT-chW 2020"]
[Site "Riga"]
[Date "2020.08.30"]
[Round "9.3"]
[White "Golsta, Madara"]
[Black "Maklakova, Nellija"]
[Result "1/2-1/2"]
[ECO "A20"]
[WhiteElo "1889"]
[BlackElo "1833"]
[Annotator "NA"]
[PlyCount "99"]
[EventDate "2020.08.24"]
[EventType "swiss"]
[EventCountry "LAT"]
[SourceTitle "playchess.com"]
[Source "ChessBase"]
[SourceQuality "1"]
[TimeControl "5400+30"]

1. g3 d5 2. Bg2 e5 3. c4 c6 4. b3 dxc4 5. Bb2 cxb3 6. Qxb3 {[%emt 0:00:22] A20: English Opening: 1...e5.} Nd7 7. Nf3 Bd6 (7... e4 $5 8. Nd4 Ngf6 $15) 8. O-O Ngf6 {[%emt 0:01:35] [#]} 9. Na3 $146 ({Predecessor:} 9. Ng5 O-O 10. Ne6 Nc5 11. Nxd8 Nxb3 12. Nxb7 Nxa1 13. Nxd6 Nc2 14. Bxe5 Nb4 15. a3 {0-1 (60) Fromm,C (2097)-Zaragatski,I (2248) Willingen 2001}) 9... O-O 10. Nc4 Bc7 11. Rfd1 Re8 (11... e4 $11 12. Ng5 Nc5) 12. d4 e4 13. Nfe5 (13. Ng5 $1 $11 {remains equal.} Re7 14. Qc2) 13... Qe7 14. Rac1 Nb6 15. Ba3 Qe6 16. Bb2 Nxc4 17. Nxc4 Nd5 18. Ba1 Qh6 19. Ne5 {[%emt 0:02:13] [#]} f5 $1 20. Kh1 Rb8 21. Qa3 a6 22. Rc2 Bd6 23. Qb2 (23. Qc1 $17) 23... Be6 24. a3 (24. e3 $17 {keeps fighting.}) 24... Nf6 25. Qc1 Qxc1 26. Rdxc1 Bxa3 27. Rb1 Bd6 28. Rcb2 b5 29. Nxc6 Rbc8 30. Ne5 Nd5 31. f3 exf3 32. Bxf3 Nc3 33. Rf1 b4 34. Nc6 Nd5 35. Na5 Rc7 36. Kg1 Ne3 37. Rfb1 Nc4 38. Ra2 (38. Nb7 $142 Be7 39. Rc2) 38... Nb6 39. Rab2 Na4 40. Rd2 Rec8 41. d5 Bd7 42. Nc6 f4 $11 ({Reject} 42... Bxc6 $6 43. dxc6 Rxc6 44. Bd5+ Kf8 45. Bxc6 $11) (42... Nc3 $17 43. Bxc3 bxc3) 43. Ra2 Bxc6 44. dxc6 Nc5 45. Rxb4 fxg3 46. hxg3 Bxg3 47. Kg2 Bd6 48. Rg4 Kh8 49. Bd4 Ne6 50. Rxa6 1/2-1/2